 Dungeon Crawl Stone Soup version 0.23.2-1-ga50397a6bc (webtiles) character file.

Game seed: 9000884165403345784

149175 Andrea the Warrior (level 17, -9/149 HPs)
             Began as a Human Fighter on May 5, 2019.
             Was a High Priest of Okawaru.
             Killed by the raging water
             ... invoked by a water nymph
              (28 damage)
             ... on level 3 of the Shoals on May 6, 2019.
             The game lasted 01:57:25 (43929 turns).

Andrea the Warrior (Human Fighter)                 Turns: 43929, Time: 01:57:26

Health: -9/149     AC: 27    Str: 24 (26) XL:     17   Next: 80%
Magic:  32/32      EV: 13    Int: 13 (14) God:    Okawaru [*****.]
Gold:   3136       SH:  0    Dex: 17      Spells: 23/23 levels left

rFire    + . .     SeeInvis .   S - +2 triple sword (freeze)
rCold    + . .     Gourm    +   (shield currently unavailable)
rNeg     . . .     Faith    .   x - +5 plate armour of Exashan {Int+4}
rPois    +         Spirit   .   C - +1 helmet
rElec    +         Reflect  .   d - scarf {rC+ rF+}
rCorr    .         Harm     .   y - +2 pair of gloves {Dex+3}
MR       +....                  T - +0 pair of boots {Fly}
Stlth    ..........             v - amulet of the gourmand
HPRegen  0.34/turn              O - ring of Sanoyfe {rElec rPois MP+9}
MPRegen  0.23/turn              H - +6 ring of slaying

@: mighty, flying
A: no striking features
}: 1/15 runes: gossamer
a: Heroism, Finesse, Renounce Religion, Stop Flying


You were on level 3 of the Shoals.
You worshipped Okawaru.
Okawaru was extremely pleased with you.
You were full.

You visited 6 branches of the dungeon, and saw 29 of its levels.
You also visited: Ice Cave.

You collected 3477 gold pieces.
You spent 341 gold pieces at shops.

Inventory:

Hand Weapons
 c - a +2 long sword of flaming
 o - a +2 long sword of holy wrath
 L - a +3 great sword of holy wrath
 N - a +1 great sword of electrocution
 S - a +2 triple sword of freezing (weapon)
Missiles
 z - 46 tomahawks (quivered)
 I - 5 throwing nets
Armour
 d - a scarf of resistance (worn)
 x - the +5 plate armour of Exashan (worn) {Int+4}
   (Okawaru gifted it to you on level 4 of the Lair of Beasts)

   It affects your intelligence (+4).
 y - a +2 pair of gloves of dexterity (worn)
 C - a +1 helmet (worn)
 Q - the +0 large shield of Dusuoqi {*Contam rF++ rC- rN+++}
   (You acquired it on level 6 of the Lair of Beasts)

   It greatly protects you from fire.
   It makes you vulnerable to cold.
   It renders you almost immune to negative energy.
   It causes magical contamination when unequipped.
 T - a +0 pair of boots of flying (worn)
 V - a +2 pair of boots of stealth
Jewellery
 k - an uncursed ring of flight
 l - the ring "Xoexze" {rF+++ rC- rN+ MP+9 Dex-4}
   (You found it in an ice cave)

   [ring of magical power]

   It affects your dexterity (-4).
   It renders you almost immune to fire.
   It makes you vulnerable to cold.
   It protects you from negative energy.
   It affects your magic capacity (+9).
 p - an uncursed ring of wizardry
 v - an amulet of the gourmand (around neck)
 H - a +6 ring of slaying (right hand)
 O - the ring of Sanoyfe (left hand) {rElec rPois MP+9}
   (You found it on level 10 of the Dungeon)

   [ring of magical power]

   It insulates you from electricity.
   It protects you from poison.
   It affects your magic capacity (+9).
 X - a cursed ring of teleportation
Wands
 i - a wand of digging (6)
 q - a wand of flame (32)
 E - a wand of polymorph (7)
 G - a wand of clouds (3)
 J - a wand of enslavement (5)
 K - a wand of iceblast (17)
 M - a wand of paralysis (5)
Scrolls
 a - 2 scrolls of fog
 j - 12 scrolls of teleportation
 n - 3 scrolls of amnesia
 r - 4 scrolls of remove curse
 t - a scroll of brand weapon
 u - 5 scrolls of enchant armour
 w - 3 scrolls of blinking
 D - 5 scrolls of enchant weapon
 U - a scroll of fear
 Z - a scroll of magic mapping
Potions
 b - a potion of mutation
 e - a potion of ambrosia
 g - 3 potions of flight
 h - 4 potions of heal wounds
 m - 9 potions of curing
 s - 3 potions of brilliance
 A - a potion of lignification
 B - 3 potions of resistance
 F - a potion of magic
 P - a potion of berserk rage
 W - 2 potions of might
Miscellaneous
 R - a phantom mirror
Comestibles
 f - 26 rations


   Skills:
 - Level 17.7 Fighting
 - Level 16.8 Long Blades
 * Level 10.3 Armour
 * Level 10.1 Dodging
 - Level 4.0 Shields
 + Level 3.7 Spellcasting
 - Level 8.0 Invocations
 - Level 5.0 Evocations


You had 23 spell levels left.
You didn't know any spells.
Your spell library contained the following spells:

 Spells                   Type           Power        Failure   Level  Hunger
 Animate Skeleton         Necr           N/A          93%         1    #......
 Apportation              Tloc           #.....       93%         1    #......
 Confusing Touch          Hex            #.....       93%         1    #......
 Corona                   Hex            #......      93%         1    #......
 Magic Dart               Conj           #...         93%         1    #......
 Sting                    Conj/Pois      #...         93%         1    #......
 Summon Butterflies       Summ           #.......     93%         1    #......
 Summon Small Mammal      Summ           #...         93%         1    #......
 Blink                    Tloc           N/A          98%         2    ##.....
 Call Imp                 Summ           #.......     98%         2    ##.....
 Poisonous Vapours        Pois/Air       #.....       98%         2    ##.....
 Slow                     Hex            #.......     98%         2    ##.....
 Conjure Flame            Conj/Fire      #.......     100%        3    ###....
 Ignite Poison            Fire/Tmut/Pois #.......     100%        3    ###....
 Inner Flame              Hex/Fire       #.......     100%        3    ###....
 Lesser Beckoning         Tloc           #.........   100%        3    ###....
 Mephitic Cloud           Conj/Pois/Air  #.......     100%        3    ###....
 Portal Projectile        Hex/Tloc       #.....       100%        3    ###....
 Tukima's Dance           Hex            #.......     100%        3    ###....
 Cause Fear               Hex            #.........   100%        4    #####..
 Leda's Liquefaction      Hex/Erth       #.........   100%        4    #####..
 Olgreb's Toxic Radiance  Pois           #.......     100%        4    #####..
 Alistair's Intoxication  Tmut/Pois      #.......     100%        5    ######.
 Bolt of Magma            Conj/Fire/Erth #.........   100%        5    ######.
 Fireball                 Conj/Fire      #.........   100%        5    ######.
 Venom Bolt               Conj/Pois      #.........   100%        5    ######.
 Bolt of Fire             Conj/Fire      #.........   100%        6    #######
 Freezing Cloud           Conj/Ice/Air   #.........   100%        6    #######
 Invisibility             Hex            #.......     100%        6    #######
 Iron Shot                Conj/Erth      #.........   100%        6    #######
 Statue Form              Tmut/Erth      #........    100%        6    #######
 Ring of Flames           Chrm/Fire      #.........   100%        7    #######
 Ignition                 Fire           #.........   100%        8    #######
 Shatter                  Erth           #.........   100%        9    #######


Dungeon Overview and Level Annotations

Branches:
Dungeon (13/15)            Temple (1/1) D:5            Lair (6/6) D:11
 Shoals (3/4) Lair:4       Spider (4/4) Lair:2        Slime (0/5) Lair:5
    Orc (2/2) D:10            Elf (0/3) Orc:2
 Vaults: D:13-14

Altars:
Ashenzari
Cheibriados
Dithmenos
Elyvilon
Fedhas
Gozag
Hepliaklqana
Kikubaaqudgha
Makhleb
Nemelex Xobeh
Okawaru
Qazlal
Ru
Sif Muna
Trog
Uskayaw
Vehumet
Wu Jian
Xom
Yredelemnul
Zin
The Shining One

Shops:
D:5 [   D:7 (   Orc:1 :   Orc:2 (*}%   Shoals:1 :

Portals:
Hell: Lair:6
Pandemonium: Orc:2
Trove: D:11 (give 8 potions of agility)

Annotations:
D:4 exclusions: door and hungry ghost
D:7 3 runed translucent doors, MachJacob's ghost, novice HONe
D:9 2 transporters, JustUnreal's ghost, novice DsGl
Lair:6 exclusion: oklob plant
Shoals:1 exclusion: Roxanne, Roxanne
Shoals:3 Ilsuiw


Message History

The barrage of energy hits you but does no damage.
You closely miss the tengu conjurer.
The tengu conjurer is almost dead.
You feel yourself slow down.
The tengu conjurer hits you but does no damage.
The tengu conjurer pecks you but does no damage.
The tengu conjurer misses you.
Your plate armour of Exashan prevents you from hitting the tengu conjurer.
The tengu conjurer is almost dead.
The tengu conjurer completely misses you.
The tengu conjurer pecks you but does no damage.
The tengu conjurer claws you but does no damage.
You slice the tengu conjurer!! You freeze the tengu conjurer.
You kill the tengu conjurer!
Okawaru accepts your kill.
The battlesphere dissipates.
The water nymph barely misses you.
You miss the water nymph.
The water nymph points at you and mumbles some strange words.
The water rises up and strikes you!
You die...

##########################
≈≈≈≈≈≈≈≈≈≈≈≈≈≈≈≈≈≈≈≈≈≈≈≈≈#
≈≈≈≈≈≈≈≈≈≈≈≈≈°≈≈≈≈≈≈≈≈≈≈≈#
≈≈≈≈≈≈≈≈≈≈≈≈≈≈≈m≈≈≈≈≈≈≈≈≈#
≈≈≈≈≈≈≈≈≈≈≈≈≈≈≈≈@≈≈≈≈≈≈≈≈#
≈≈≈≈≈≈≈≈≈≈≈≈≈≈≈≈≈≈≈≈≈≈≈≈≈#
≈≈≈≈≈≈≈≈≈≈≈≈≈≈≈≈≈≈≈≈≈≈≈≈≈#
≈≈≈≈≈≈≈≈≈≈≈≈≈≈≈≈≈≈≈≈≈≈≈≈≈#
≈≈≈≈≈≈≈≈≈≈≈≈≈≈≈≈≈≈≈≈≈≈≈≈≈#
≈≈≈≈≈≈≈≈≈≈≈≈≈≈≈≈≈≈≈≈≈≈≈≈≈#
≈≈≈≈≈≈≈≈≈≈≈≈≈≈≈≈≈≈≈≈≈≈≈≈≈#
≈≈≈≈≈≈≈≈≈≈≈≈≈≈≈≈≈≈≈≈≈≈≈≈≈#
≈≈≈≈≈≈≈≈≈≈≈≈≈≈≈≈≈≈≈≈≈≈≈≈≈#


You could see a water nymph.

Vanquished Creatures
  Arachne (Spider:4)
  Nikola (Spider:4)
  A sphinx (D:12)
  4 ghost moths
  Aizul (Shoals:1)
  4 emperor scorpions
  2 entropy weavers (Spider:3)
  A dire elephant (Lair:5)
  2 spark wasps
  Snorg (D:10)
  3 merfolk impalers
  3 ice dragons
  A fire dragon (D:10)
  7 hydras
  A two-headed ogre (Orc:2)
  A tengu warrior (Shoals:3)
  A queen ant (D:10)
  A satyr (Shoals:3)
  4 orc high priests
  A sun demon (Lair:6)
  A soul eater (Orc:2)
  An unseen horror (D:10)
  3 sea snakes
  2 infernal demonspawn (Orc:2)
  A wizard (Lair:6)
  A torturous demonspawn (Orc:2)
  Pikel (D:6)
  31 wolf spiders
  12 orb spiders
  6 orc knights (Orc:2)
  3 manticores
  A faun (Shoals:1)
  2 ugly things (D:12)
  A deep elf mage (D:10)
  10 orc sorcerers
  4 cyclopes
  2 moths of wrath
  Maurice (Orc:2)
  An ice statue (IceCv)
  2 orange demons (Lair:6)
  3 merfolk sirens
  A rust devil (Orc:2)
  A smoke demon (Lair:6)
  3 black mambas
  9 elephants (Lair:5)
  3 torpor snails
  14 spiny frogs
  8 rime drakes
  A tengu conjurer (Shoals:3)
  2 ice devils (Lair:6)
  7 komodo dragons
  5 demonic crawlers
  A hellwing (Orc:2)
  5 polar bears
  3 red devils
  8 trolls
  14 jumping spiders
  16 merfolk
  5 snapping turtles
  6 hornets
  9 hippogriffs
  24 dream sheep
  35 redbacks
  27 yaks
  A water elemental (Shoals:3)
  10 tarantellas
  A wraith (D:9)
  A centaur simulacrum (D:10)
  A shadow (D:12)
  Sigmund (D:2)
  2 wyverns (D:8)
  A hungry ghost (D:8)
  A warg (Orc:2)
  4 hell hounds (Lair:6)
  14 water moccasins
  5 porcupines
  18 ice beasts
  39 orc warriors
  12 ogres
  4 sky beasts
  3 slaves (D:6)
  2 black bears
  2 necrophages
  2 phantoms
  6 centaurs
  4 wolves
  20 crocodiles
  A big kobold (D:9)
  13 bullfrogs
  2 gnoll sergeants
  Blork the orc (D:4)
  3 scorpions
  A wyvern skeleton (D:9)
  11 killer bees
  9 wights
  A howler monkey (D:10)
  3 electric eels
  2 crimson imps (D:6)
  3 bullfrog zombies
  2 centaur zombies
  17 jellies
  29 orc priests
  Crazy Yiuf (D:7)
  5 hounds
  3 bullfrog skeletons
  2 centaur skeletons
  4 iguanas
  Jessica (D:2)
  A gnoll shaman (D:3)
  19 orc wizards
  10 worker ants
  2 hound zombies
  A worker ant zombie (D:11)
  19 gnolls
  A howler monkey skeleton (D:8)
  11 adders
  3 shadow imps
  3 oozes (Lair:5)
  An adder zombie (D:8)
  3 adder skeletons
  6 worms
  A dart slug (D:3)
  4 leopard geckos
  67 orcs
  A ball python (D:8)
  4 giant cockroaches
  8 goblins
  8 hobgoblins
  3 jackals (D:4)
  5 quokkas
  5 bats
  3 frilled lizards
  A jackal zombie (D:7)
  9 kobolds
  A quokka skeleton (D:8)
  7 rats
812 creatures vanquished.

Vanquished Creatures (others)
  A spark wasp (Spider:4)
  An orb spider (Spider:2)
  A wolf spider (Spider:4)
  A jumping spider (Spider:4)
  A hornet (Spider:4)
  A redback (Spider:4)
  A slave (D:6)
  21 fungi (Lair:6)
  19 plants
  8 tentacles (Shoals:1)
55 creatures vanquished.

Grand Total: 867 creatures vanquished

Notes
Turn   | Place    | Note
-------+----------+-------------------------------------------
     0 | D:1      | Andrea the Human Fighter began the quest for the Orb.
     0 | D:1      | Reached XP level 1. HP: 18/18 MP: 1/1
   181 | D:1      | Reached XP level 2. HP: 24/24 MP: 2/2
   711 | D:2      | You fall through a shaft!
   716 | D:3      | Reached XP level 3. HP: 29/29 MP: 3/3
   773 | D:2      | Noticed Jessica
   779 | D:2      | Killed Jessica
   788 | D:2      | Reached XP level 4. HP: 28/35 MP: 4/4
  1290 | D:2      | Noticed Sigmund
  1357 | D:2      | Killed Sigmund
  1357 | D:2      | Reached skill level 4 in Fighting
  1357 | D:2      | Reached skill level 5 in Long Blades
  1357 | D:2      | Reached XP level 5. HP: 33/43 MP: 5/5
  1357 | D:2      | Reached XP level 6. HP: 38/49 MP: 6/6
  1520 | D:2      | HP: 2/49 [gnoll/+0 halberd (3)]
  2901 | D:4      | Noticed Blork the orc
  2919 | D:4      | Killed Blork the orc
  2919 | D:4      | Reached XP level 7. HP: 33/55 MP: 7/7
  3102 | D:4      | Reached skill level 5 in Fighting
  3948 | D:4      | Found an ancient bone altar of Kikubaaqudgha.
  4251 | D:4      | Noticed a hungry ghost
  4316 | D:5      | Entered Level 5 of the Dungeon
  4661 | D:5      | Reached XP level 8. HP: 21/63 MP: 8/8
  4873 | D:5      | Found Dedu's Armour Shoppe.
  4881 | D:5      | Bought a +2 pair of gloves of dexterity for 301 gold pieces
  5101 | D:5      | Reached skill level 6 in Fighting
  5246 | D:5      | Found a staircase to the Ecumenical Temple.
  5253 | Temple   | Entered the Ecumenical Temple
  5407 | Temple   | Became a worshipper of Warmaster Okawaru
  6228 | D:6      | Noticed Pikel
  6278 | D:6      | Killed Pikel
  6278 | D:6      | Reached * piety under Okawaru
  6278 | D:6      | Reached skill level 7 in Fighting
  6278 | D:6      | Reached XP level 9. HP: 44/72 MP: 9/9
  6452 | D:6      | Noticed a hippogriff
  6471 | D:6      | Killed a hippogriff
  6471 | D:6      | Reached ** piety under Okawaru
  6794 | D:6      | Found a white marble altar of Elyvilon.
  6856 | D:6      | Reached skill level 10 in Long Blades
  6908 | D:6      | Reached skill level 1 in Invocations
  8437 | D:7      | Reached skill level 8 in Fighting
  8437 | D:7      | Reached XP level 10. HP: 50/80 MP: 11/11
  8602 | D:7      | Found Woam Wapire's Weapon Shop.
  8904 | D:7      | Found an ancient bone altar of Kikubaaqudgha.
  8970 | D:7      | Reached *** piety under Okawaru
  8987 | D:7      | Found a runed translucent gate.
  8987 | D:7      | Found a runed translucent gate.
  8988 | D:7      | Found a runed translucent gate.
  8989 | D:7      | Found an opulent altar of Gozag.
  8992 | D:7      | Noticed MachJacob's ghost (novice HONe)
  9486 | D:7      | Found a runed translucent door.
  9487 | D:7      | Noticed Crazy Yiuf
  9498 | D:7      | Killed Crazy Yiuf
 10947 | D:8      | Found a bloodstained altar of Trog.
 11320 | D:8      | Reached skill level 5 in Invocations
 11365 | D:9      | Reached skill level 9 in Fighting
 11536 | D:9      | Reached **** piety under Okawaru
 11587 | D:9      | Reached XP level 11. HP: 77/89 MP: 14/14
 11681 | D:9      | Found a transporter.
 11684 | D:9      | Noticed JustUnreal's ghost (novice DsGl)
 11948 | D:9      | Found a transporter.
 12093 | D:9      | Reached skill level 1 in Evocations
 12518 | D:10     | Entered Level 10 of the Dungeon
 12596 | D:10     | Killed an unseen horror
 12620 | D:9      | Reached ***** piety under Okawaru
 13088 | D:7      | Bought a +0 scimitar for 40 gold pieces
 13633 | D:10     | Found a staircase to the Orcish Mines.
 14016 | D:10     | Noticed a deep elf mage
 14052 | D:10     | Killed a deep elf mage
 14297 | D:10     | Noticed a fire dragon
 14392 | D:10     | Noticed a cyclops
 14393 | D:10     | Noticed an eight-headed hydra
 14544 | D:11     | Found a staircase to the Lair.
 14577 | Lair:1   | Entered Level 1 of the Lair of Beasts
 14636 | Lair:1   | Noticed a five-headed hydra
 14897 | D:11     | Reached skill level 10 in Fighting
 14998 | D:11     | Found a portal to a secret trove of treasure.
 15773 | D:11     | Received a gift from Okawaru
 16263 | D:12     | Reached XP level 12. HP: 93/97 MP: 17/17
 16283 | D:12     | Found a snail-covered altar of Cheibriados.
 16915 | D:12     | Noticed a deep elf annihilator
 16915 | D:12     | Noticed an ettin
 17191 | D:10     | Noticed a queen ant
 17191 | D:10     | an eight-headed hydra changed into a queen ant
 17216 | D:10     | Killed a queen ant
 17378 | D:10     | Killed a fire dragon
 17433 | D:10     | Got a brightly glowing bronze ring
 17433 | D:10     | Got a serpentine diamond amulet
 17571 | Orc:1    | Entered Level 1 of the Orcish Mines
 17571 | Orc:1    | Noticed Snorg
 17572 | Orc:1    | Noticed an orc high priest
 17588 | D:10     | Killed Snorg
 17588 | D:10     | Reached skill level 5 in Evocations
 17827 | Orc:1    | Paralysed by an orc sorcerer for 3 turns
 18088 | Orc:1    | Paralysed by an orc sorcerer for 3 turns
 18100 | D:10     | Identified the ring of Sanoyfe {rElec rPois MP+9} (You
                  | found it on level 10 of the Dungeon)
 18101 | D:10     | Identified the amulet of Joy {Inacc *Corrode rN++} (You
                  | found it on level 10 of the Dungeon)
 18249 | Orc:1    | Noticed a sun demon
 18762 | D:12     | Noticed a sphinx
 18771 | D:12     | Paralysed by a sphinx for 5 turns
 18785 | D:12     | Killed a sphinx
 18785 | D:12     | Received a gift from Okawaru
 18785 | D:12     | Reached skill level 11 in Fighting
 18790 | D:12     | Got an encrusted buckler {god gift}
 19075 | D:12     | Noticed an ogre mage
 19159 | D:12     | Reached XP level 13. HP: 30/107 MP: 19/19
 19431 | Lair:1   | Killed a nine-headed hydra
 19431 | Lair:1   | Reached skill level 1 in Dodging
 19619 | Lair:1   | Noticed a four-headed hydra
 19818 | Lair:1   | Identified the +0 buckler of Parlour Games {Regen+ Str+2}
                  | (Okawaru gifted it to you on level 12 of the Dungeon)
 19822 | Lair:1   | Killed a four-headed hydra
 20099 | Lair:1   | You fall through a shaft!
 20379 | Lair:2   | Found a hole to the Spider Nest.
 21248 | Lair:3   | Reached skill level 5 in Dodging
 21273 | Lair:3   | Noticed a seven-headed hydra
 21288 | Lair:3   | Killed a seven-headed hydra
 21288 | Lair:3   | Reached skill level 5 in Armour
 22293 | Lair:4   | Found a staircase to the Shoals.
 22524 | Lair:4   | Found a frozen archway.
 22525 | Lair:4   | Noticed an ice dragon
 22531 | Lair:4   | Received a gift from Okawaru
 22556 | Lair:4   | Killed an ice dragon
 22568 | IceCv    | Entered an ice cave
 23327 | IceCv    | Noticed an ice dragon
 23327 | IceCv    | Noticed an ice dragon
 23333 | IceCv    | Killed an ice dragon
 23333 | IceCv    | Reached XP level 14. HP: 99/114 MP: 20/20
 23360 | IceCv    | Got a scintillating pewter ring
 23437 | IceCv    | Identified the ring "Xoexze" {rF+++ rC- rN+ MP+9 Dex-4}
                  | (You found it in an ice cave)
 23599 | Lair:4   | Got a pitted plate armour {god gift}
 23616 | Lair:4   | Identified the +5 plate armour of Exashan {Int+4} (Okawaru
                  | gifted it to you on level 4 of the Lair of Beasts)
 24347 | Lair:5   | Reached skill level 12 in Fighting
 24353 | Lair:5   | Found a staircase to the Slime Pits.
 25070 | Lair:5   | You fall through a shaft!
 25070 | Lair:6   | Entered Level 6 of the Lair of Beasts
 26112 | Lair:6   | Received a gift from Okawaru
 26121 | Lair:6   | Reached skill level 13 in Fighting
 26517 | Lair:6   | Noticed a dire elephant
 26530 | Lair:5   | Killed a dire elephant
 26958 | Lair:6   | Identified 3 scrolls of acquirement
 27011 | Lair:6   | Got a twisted chain mail
 27022 | Lair:6   | Identified the +5 chain mail of Elyvilon's Fury {rElec
                  | rPois} (You acquired it on level 6 of the Lair of Beasts)
 27035 | Lair:6   | Got a brightly glowing large shield
 27042 | Lair:6   | Identified the +0 large shield of Dusuoqi {*Contam rF++ rC-
                  | rN+++} (You acquired it on level 6 of the Lair of Beasts)
 27070 | Lair:6   | Reached XP level 15. HP: 53/125 MP: 21/21
 27566 | Lair:6   | Reached ****** piety under Okawaru
 27566 | Lair:6   | Reached skill level 14 in Fighting
 27576 | Lair:6   | Reached skill level 15 in Long Blades
 27772 | Lair:6   | Found a burning altar of Makhleb.
 27822 | Lair:6   | Found a gateway to Hell.
 28525 | Orc:1    | Received a gift from Okawaru
 28999 | Orc:1    | Found Eskyoqai's Book Shoppe.
 29111 | Orc:2    | Entered Level 2 of the Orcish Mines
 29928 | Orc:2    | Found Qothroeke's Food Boutique.
 29961 | Orc:2    | Found Veuggaug's General Store.
 30363 | Orc:2    | Reached skill level 15 in Fighting
 31210 | Orc:2    | Paralysed by an orc sorcerer for 2 turns
 31587 | Orc:2    | Received a gift from Okawaru
 31601 | Orc:2    | Found Laemuck's Gadget Shoppe.
 31601 | Orc:2    | Found Pinubub's Antique Weapon Emporium.
 31601 | Orc:2    | Found a one-way gate leading to the halls of Pandemonium.
 31747 | Orc:2    | Found a staircase to the Elven Halls.
 31836 | Orc:2    | Noticed Maurice
 31848 | Orc:2    | Killed Maurice
 31888 | Orc:2    | Found a bloodstained altar of Trog.
 32482 | Spider:1 | Entered Level 1 of the Spider Nest
 32594 | Spider:1 | Noticed an emperor scorpion
 32607 | Spider:1 | Killed an emperor scorpion
 32704 | Spider:1 | Reached XP level 16. HP: 133/138 MP: 22/22
 33347 | Spider:1 | Reached skill level 16 in Fighting
 36512 | Spider:4 | Entered Level 4 of the Spider Nest
 36548 | Spider:4 | Noticed Nikola
 36565 | Spider:4 | Killed Nikola
 36572 | Spider:4 | Reached skill level 17 in Fighting
 36599 | Spider:4 | Noticed Arachne
 37424 | Spider:4 | Received a gift from Okawaru
 38353 | Spider:4 | Received a gift from Okawaru
 38512 | Spider:4 | Killed Arachne
 38997 | Spider:4 | Reached XP level 17. HP: 90/149 MP: 23/23
 39414 | Spider:4 | Received a gift from Okawaru
 39420 | Spider:4 | HP: 7/149 [disintegration (27)]
 40014 | Spider:4 | Reached skill level 1 in Spellcasting
 41562 | Spider:4 | Got a gossamer rune of Zot
 41945 | Shoals:1 | Entered Level 1 of the Shoals
 41969 | Shoals:1 | Identified Roxanne's Almanac of the Rocks
 41969 | Shoals:1 | Noticed Roxanne
 42186 | Shoals:1 | Noticed Aizul
 42197 | Shoals:1 | Killed Aizul
 42805 | Shoals:1 | Found Tola Kugg's Book Shoppe.
 42833 | Shoals:1 | Noticed a kraken
 42855 | Shoals:1 | Received a gift from Okawaru
 43137 | Shoals:2 | Received a gift from Okawaru
 43318 | Shoals:2 | Reached skill level 10 in Armour
 43834 | Shoals:3 | Noticed Ilsuiw
 43847 | Shoals:3 | Reached skill level 10 in Dodging
 43929 | Shoals:3 | Killed from afar by a water nymph

Skill      XL: |  1  2  3  4  5  6  7  8  9 10 11 12 13 14 15 16 17 |
---------------+----------------------------------------------------+-----
Long Blades    | 3 5 7 9 10 12 13 14 15 16 | 16.8
Fighting       | 4 5 7 8 9 10 11 13 15 17 | 17.7
Invocations    | 2 5 7 8 |  8.0
Evocations     | 3 5 |  5.0
Dodging        | 8 10 | 10.1
Armour         | 7 8 10 | 10.3
Shields        | 4 |  4.0
Spellcasting   | 3 |  3.7

Action                   |  1- 3 |  4- 6 |  7- 9 | 10-12 | 13-15 | 16-18 || total
-------------------------+-------+-------+-------+-------+-------+-------++-------
Melee: Long sword        |    62 |   138 |   471 |   639 |       |       ||  1310
       Unarmed           |       |       |    13 |       |       |       ||    13
       Scimitar          |       |       |       |   261 |       |       ||   261
       Falchion          |       |       |       |   146 |     7 |       ||   153
       Great sword       |       |       |       |    73 |   938 |   538 ||  1549
       Rapier            |       |       |       |       |    67 |       ||    67
       Punch             |       |       |       |       |     2 |       ||     2
       Triple sword      |       |       |       |       |       |   105 ||   105
Throw: Tomahawk          |       |     4 |     5 |       |    19 |    22 ||    50
Invok: Heroism           |       |       |     1 |    21 |    23 |    19 ||    64
       Finesse           |       |       |       |     3 |     3 |     5 ||    11
 Abil: Stop Flying       |       |       |       |     1 |       |     1 ||     2
       Evoke Flight      |       |       |       |       |       |     3 ||     3
Evoke: Wand              |       |       |       |     1 |     4 |     1 ||     6
  Use: Potion            |       |     3 |     1 |     1 |     3 |     7 ||    15
       Scroll            |       |     5 |       |    20 |    11 |     7 ||    43
  Eat: Chunk             |       |     6 |    19 |    32 |    42 |    30 ||   129
       Ration            |       |       |       |     4 |       |     1 ||     5
Armor: Scale mail        |    34 |    44 |   157 |       |       |       ||   235
       Skin              |       |       |     1 |       |       |       ||     1
       Plate armour      |       |       |    23 |   544 |   569 |   650 ||  1786
Dodge: Dodged            |    23 |    25 |   109 |   199 |   516 |   429 ||  1301
Block: Shield            |    30 |    42 |   205 |   424 |       |       ||   701
       Buckler           |       |       |       |       |     7 |       ||     7
       Large shield      |       |       |       |       |    25 |       ||    25
       Rpst.: Long sword |     9 |     7 |    31 |    29 |       |       ||    76
       Scimitar          |       |       |       |    14 |       |       ||    14
       Falchion          |       |       |       |     7 |       |       ||     7
       Great sword       |       |       |       |     4 |   105 |    61 ||   170
       Triple sword      |       |       |       |       |       |    13 ||    13
